A
KINGSVILLE KNIGHTS @ BARRE GRAYS
04/25/2060
 
TOP OF THE 1ST
Kingsville Knights batting - Pitching for Barre Grays : RHP Micah Neal
Pitching: RHP Micah Neal
Batting: RHB Manning Ogura 0-0: Fly out, F3 (Popup, 34S, EV 81.9 MPH)
Batting: RHB Devin Heslin 0-0: Called Strike
0-1: DOUBLE (Line Drive, 9LD, EV 105.0 MPH)
Batting: LHB Javarez Jones 0-0: Ball
1-0: Called Strike
1-1: Called Strike
1-2: Ball
2-2: Ball
3-2: Base on Balls
Batting: LHB Blake Steffen 0-0: Ball
1-0: Called Strike
1-1: SINGLE (Line Drive, 6M, EV 100.0 MPH)
Devin Heslin to third
Javarez Jones to second
Runner from 3rd tries for Home, SAFE, throw by CF to home
Batting: RHB Rob Barnwell 0-0: Called Strike
0-1: Swinging Strike
0-2: Ball
1-2: Fielders Choice at 2nd, 5-4 (Groundball, 56, EV 89.4 MPH)
Javarez Jones to third
Batting: RHB L.J. Kistler 0-0: Fielders Choice at 2nd, 6-4 (Groundball, 6MD, EV 101.9 MPH)
Top of the 1st over - 1 run, 2 hits, 0 errors, 2 left on base; Kingsville 1 - Barre 0
BOTTOM OF THE 1ST
Barre Grays batting - Pitching for Kingsville Knights : RHP Grant Stephan
Pitching: RHP Grant Stephan
Batting: SHB Cameron Carter 0-0: Ball
1-0: Ball
2-0: Swinging Strike
2-1: Ball
3-1: Called Strike
3-2: Base on Balls
Batting: RHB Kyle Lloyd 0-0: Ball
1-0: Called Strike
1-1: Foul Ball, location: 2F
1-2: Foul Ball, location: 2F
1-2: Foul Ball, location: 2F
1-2: Foul Ball, location: 2F
1-2: Ball
2-2: Strikes out looking
Batting: RHB Blake Simmons 0-0: Ball
1-0: Swinging Strike
1-1: Ball
2-1: Swinging Strike
2-2: Strikes out swinging
Batting: RHB Jonah Colletti 0-0: Foul Ball, location: 2F
0-1: Swinging Strike
0-2: Foul Ball, location: 2F
0-2: Strikes out swinging
Bottom of the 1st over - 0 runs, 0 hits, 0 errors, 1 left on base; Kingsville 1 - Barre 0
TOP OF THE 2ND
Kingsville Knights batting - Pitching for Barre Grays : RHP Micah Neal
Batting: RHB Kenesaw Camarillo 0-0: SOLO HOME RUN (Flyball, 78XD, EV 103.8 MPH), Distance : 401 ft
Batting: RHB Jay Bell 0-0: Ground out 1-3 (Groundball, 13S, EV 62.5 MPH)
Batting: RHB Seth Britcher 0-0: Ball
1-0: Ball
2-0: Ball
3-0: Called Strike
3-1: Foul Ball, location: 2F
3-2: Ground out U3 (Groundball, 34, EV 87.5 MPH)
Batting: RHB Manning Ogura 0-0: SINGLE (Groundball, 4S, EV 66.9 MPH) (infield hit)
Batting: RHB Devin Heslin 0-0: Foul Ball, location: 2F
0-1: Swinging Strike
0-2: Ground out U3 (Groundball, 3S, EV 86.9 MPH)
Top of the 2nd over - 1 run, 2 hits, 0 errors, 1 left on base; Kingsville 2 - Barre 0
BOTTOM OF THE 2ND
Barre Grays batting - Pitching for Kingsville Knights : RHP Grant Stephan
Batting: LHB Michael Kalu 0-0: Fly out, F7 (Flyball, 7D, EV 97.5 MPH)
Batting: LHB John Weir 0-0: Called Strike
0-1: Swinging Strike
0-2: Ball
1-2: Ball
2-2: Fly out, F8 (Flyball, 8LM, EV 72.5 MPH)
Batting: RHB Chuck Jones 0-0: Foul Ball, location: 2F
0-1: Fly out, F8 (Line Drive, 8RD, EV 93.1 MPH)
Bottom of the 2nd over - 0 runs, 0 hits, 0 errors, 0 left on base; Kingsville 2 - Barre 0
TOP OF THE 3RD
Kingsville Knights batting - Pitching for Barre Grays : RHP Micah Neal
Batting: LHB Javarez Jones 0-0: Called Strike
0-1: Ball
1-1: Ball
2-1: Swinging Strike
2-2: Ball
3-2: Strikes out swinging
Batting: LHB Blake Steffen 0-0: Ball
1-0: Fly out, F8 (Line Drive, 8LXD, EV 95.0 MPH)
Batting: RHB Rob Barnwell 0-0: Called Strike
0-1: Ball
1-1: Called Strike
1-2: Strikes out looking
Top of the 3rd over - 0 runs, 0 hits, 0 errors, 0 left on base; Kingsville 2 - Barre 0
BOTTOM OF THE 3RD
Barre Grays batting - Pitching for Kingsville Knights : RHP Grant Stephan
Batting: RHB Isaac Stamey 0-0: Called Strike
0-1: Swinging Strike
0-2: Strikes out swinging
Batting: RHB Mahamadou Tru 0-0: Called Strike
0-1: Ball
1-1: Ball
2-1: Ball
3-1: Ground out 6-3 (Groundball, 6, EV 84.4 MPH)
Batting: SHB Cameron Carter 0-0: Swinging Strike
0-1: Ball
1-1: Called Strike
1-2: Foul Ball, location: 2F
1-2: Strikes out looking
Bottom of the 3rd over - 0 runs, 0 hits, 0 errors, 0 left on base; Kingsville 2 - Barre 0
TOP OF THE 4TH
Kingsville Knights batting - Pitching for Barre Grays : RHP Micah Neal
Batting: RHB L.J. Kistler 0-0: Foul Ball, location: 2F
0-1: Fly out, F8 (Flyball, 8LM, EV 98.1 MPH)
Batting: RHB Kenesaw Camarillo 0-0: Ball
1-0: Fly out, F7 (Flyball, 7D, EV 99.4 MPH)
Batting: RHB Jay Bell 0-0: Ball
1-0: Ball
2-0: Foul Ball, location: 2F
2-1: Ball
3-1: Fly out, F7 (Flyball, 7D, EV 86.2 MPH)
Top of the 4th over - 0 runs, 0 hits, 0 errors, 0 left on base; Kingsville 2 - Barre 0
BOTTOM OF THE 4TH
Barre Grays batting - Pitching for Kingsville Knights : RHP Grant Stephan
Batting: RHB Kyle Lloyd 0-0: Ball
1-0: Ball
2-0: Ball
3-0: Called Strike
3-1: Fly out, F7 (Flyball, 7D, EV 74.4 MPH)
Batting: RHB Blake Simmons 0-0: Ball
1-0: Swinging Strike
1-1: Swinging Strike
1-2: Fly out, F8 (Flyball, 8RM, EV 92.5 MPH)
Batting: RHB Jonah Colletti 0-0: Reached on error, E9 (Flyball, 9D, EV 105.6 MPH)
Batting: LHB Michael Kalu 0-0: Swinging Strike
0-1: Called Strike
0-2: Ball
1-2: Ball
2-2: Foul Ball, location: 2F
2-2: Strikes out swinging
Bottom of the 4th over - 0 runs, 0 hits, 1 error, 1 left on base; Kingsville 2 - Barre 0
TOP OF THE 5TH
Kingsville Knights batting - Pitching for Barre Grays : RHP Micah Neal
Batting: RHB Seth Britcher 0-0: Ball
1-0: Called Strike
1-1: Ground out 6-3 (Groundball, 6, EV 78.1 MPH)
Batting: RHB Manning Ogura 0-0: Called Strike
0-1: Called Strike
0-2: Ball
1-2: Ball
2-2: SINGLE (Line Drive, 8RS, EV 91.2 MPH)
Batting: RHB Devin Heslin 0-0: Ball
1-0: Ball
2-0: Called Strike
Manning Ogura is caught stealing 2nd base 2-4
2-1: Ball
3-1: Base on Balls
Batting: LHB Javarez Jones 0-0: Called Strike
0-1: Swinging Strike
0-2: Ball
1-2: Strikes out swinging
Top of the 5th over - 0 runs, 1 hit, 0 errors, 1 left on base; Kingsville 2 - Barre 0
BOTTOM OF THE 5TH
Barre Grays batting - Pitching for Kingsville Knights : RHP Grant Stephan
Batting: LHB John Weir 0-0: Ball
1-0: Ball
2-0: DOUBLE (Line Drive, 3D, EV 99.4 MPH)
Batting: RHB Chuck Jones 0-0: Called Strike
0-1: Swinging Strike
0-2: Ball
1-2: Ball
2-2: Strikes out looking
Batting: RHB Isaac Stamey 0-0: Ball
1-0: Foul Ball, location: 2F
1-1: Foul Ball, location: 2F
1-2: Strikes out swinging
Batting: RHB Mahamadou Tru 0-0: Ball
1-0: Ball
2-0: Ball
3-0: Called Strike
3-1: Base on Balls
Batting: SHB Cameron Carter 0-0: Called Strike
0-1: Ball
1-1: Ball
2-1: Called Strike
2-2: SINGLE (Line Drive, 7S, EV 86.2 MPH)
John Weir to third
Mahamadou Tru to second
Throwing error, E7
John Weir scores
Mahamadou Tru to third
Cameron Carter to second
Batting: RHB Kyle Lloyd 0-0: Called Strike
0-1: Ball
1-1: Ground out 5-3 (Groundball, 56S, EV 92.5 MPH)
Bottom of the 5th over - 1 run, 2 hits, 1 error, 2 left on base; Kingsville 2 - Barre 1
TOP OF THE 6TH
Kingsville Knights batting - Pitching for Barre Grays : RHP Micah Neal
Batting: LHB Blake Steffen 0-0: Ball
1-0: SINGLE (Groundball, 4MD, EV 110.6 MPH)
Batting: RHB Rob Barnwell 0-0: Ball
1-0: Called Strike
1-1: DOUBLE (Line Drive, 9LD, EV 100.6 MPH)
Blake Steffen to third
Batting: RHB L.J. Kistler 0-0: Ball
1-0: Ball
2-0: 3-RUN HOME RUN (Flyball, 7LD, EV 90.6 MPH), Distance : 335 ft
Pitching: LHP Jason Decker
Batting: RHB Kenesaw Camarillo 0-0: Called Strike
0-1: Ball
1-1: Foul Ball, location: 2F
1-2: Ball
2-2: Strikes out swinging, 2-3 out at first.
Batting: RHB Jay Bell 0-0: Called Strike
0-1: Ball
1-1: Ball
2-1: Swinging Strike
2-2: Foul Ball, location: 2F
2-2: Strikes out looking
Batting: RHB Seth Britcher 0-0: Fly out, F9 (Flyball, 9LM, EV 86.9 MPH)
Top of the 6th over - 3 runs, 3 hits, 0 errors, 0 left on base; Kingsville 5 - Barre 1
BOTTOM OF THE 6TH
Barre Grays batting - Pitching for Kingsville Knights : RHP Grant Stephan
Batting: RHB Blake Simmons 0-0: Ball
1-0: Called Strike
1-1: Ball
2-1: Swinging Strike
2-2: Strikes out swinging
Batting: RHB Jonah Colletti 0-0: Called Strike
0-1: Ball
1-1: Foul Ball, location: 2F
1-2: Ball
2-2: Foul Ball, location: 2F
2-2: Ball
3-2: Strikes out swinging
Batting: LHB Michael Kalu 0-0: SINGLE (Line Drive, 7S, EV 103.1 MPH)
Batting: LHB John Weir 0-0: Ground out U3 (Groundball, 3, EV 83.8 MPH)
Bottom of the 6th over - 0 runs, 1 hit, 0 errors, 1 left on base; Kingsville 5 - Barre 1
TOP OF THE 7TH
Kingsville Knights batting - Pitching for Barre Grays : LHP Jason Decker
Batting: RHB Manning Ogura 0-0: Foul Ball, location: 2F
0-1: Ball
1-1: Ball
2-1: Ball
3-1: Swinging Strike
3-2: Strikes out swinging
Batting: RHB Devin Heslin 0-0: Ball
1-0: Ball
2-0: Called Strike
2-1: Ball
3-1: Called Strike
3-2: Base on Balls
Batting: LHB Javarez Jones Pickoff Throw to First - Out! 1-3
0-0: Ball
1-0: Foul Ball, location: 2F
1-1: Swinging Strike
1-2: Ball
2-2: Strikes out swinging
Top of the 7th over - 0 runs, 0 hits, 0 errors, 0 left on base; Kingsville 5 - Barre 1
BOTTOM OF THE 7TH
Barre Grays batting - Pitching for Kingsville Knights : RHP Grant Stephan
Batting: RHB Chuck Jones 0-0: Ball
1-0: Swinging Strike
1-1: Foul Ball, location: 2F
1-2: Foul Ball, location: 2F
1-2: Strikes out swinging
Batting: RHB Isaac Stamey 0-0: Called Strike
0-1: Called Strike
0-2: Ball
1-2: Ball
2-2: Strikes out swinging
Batting: RHB Mahamadou Tru 0-0: Ball
1-0: Called Strike
1-1: Ball
2-1: Ground out 4-3 (Groundball, 4M, EV 95.6 MPH)
Bottom of the 7th over - 0 runs, 0 hits, 0 errors, 0 left on base; Kingsville 5 - Barre 1
TOP OF THE 8TH
Kingsville Knights batting - Pitching for Barre Grays : LHP Jason Decker
Batting: LHB Blake Steffen 0-0: Foul Ball, location: 2F
0-1: Foul Ball, location: 2F
0-2: Ball
1-2: Ball
2-2: Ground out 4-3 (Groundball, 4M, EV 110.0 MPH)
Batting: RHB Rob Barnwell 0-0: Ball
1-0: Ball
2-0: Swinging Strike
2-1: Foul Ball, location: 2F
2-2: Ball
3-2: Base on Balls
Pitching: RHP Reid Dahlmann
Batting: RHB L.J. Kistler 0-0: Ground out 6-3 (Groundball, 6, EV 92.5 MPH)
Rob Barnwell to second
Batting: RHB Kenesaw Camarillo 0-0: Ball
1-0: Called Strike
1-1: Ball
2-1: Foul Ball, location: 2F
2-2: Foul Ball, location: 2F
2-2: Ground out 6-3 (Groundball, P, EV 87.5 MPH)
Top of the 8th over - 0 runs, 0 hits, 0 errors, 1 left on base; Kingsville 5 - Barre 1
BOTTOM OF THE 8TH
Barre Grays batting - Pitching for Kingsville Knights : RHP Grant Stephan
Pitching: LHP Ashton Fieldhouse
Batting: SHB Cameron Carter 0-0: Fly out, F9 (Flyball, 9LM, EV 85.0 MPH)
Batting: RHB Kyle Lloyd 0-0: Swinging Strike
0-1: Fly out, F4 (Flyball, 4MD, EV 90.0 MPH)
Batting: RHB Blake Simmons 0-0: Called Strike
0-1: Ball
1-1: Foul Ball, location: 2F
1-2: Foul Ball, location: 2F
1-2: Foul Ball, location: 2F
1-2: Ground out 5-3 (Groundball, 5L, EV 108.1 MPH)
Bottom of the 8th over - 0 runs, 0 hits, 0 errors, 0 left on base; Kingsville 5 - Barre 1
TOP OF THE 9TH
Kingsville Knights batting - Pitching for Barre Grays : RHP Reid Dahlmann
Batting: RHB Jay Bell 0-0: Ball
1-0: Called Strike
1-1: Swinging Strike
1-2: Hit by Pitch
Batting: RHB Seth Britcher 0-0: Called Strike
0-1: Reached on error, E5 (Groundball, 56S, EV 84.4 MPH)
Jay Bell to second
Batting: RHB Manning Ogura 0-0: Bunted foul
0-1: Sac Bunt to 15 - play at first, batter OUT! 1-4
Jay Bell to third
Seth Britcher to second
Batting: RHB Devin Heslin 0-0: Ball
1-0: Ball
2-0: Ball
3-0: Called Strike
3-1: Called Strike
3-2: Foul Ball, location: 2F
3-2: Strikes out looking
Batting: LHB Javarez Jones 0-0: SINGLE (Groundball, 34D, EV 95.0 MPH)
Jay Bell scores
Seth Britcher to third
Runner from 3rd tries for Home, SAFE, throw by RF to home
Javarez Jones to second
Batting: LHB Blake Steffen 0-0: Ball
1-0: Called Strike
1-1: Ball
2-1: Ball
3-1: Foul Ball, location: 2F
3-2: Base on Balls
Batting: RHB Rob Barnwell 0-0: Ball
1-0: Ball
2-0: Swinging Strike
2-1: Foul Ball, location: 2F
2-2: Foul Ball, location: 2F
2-2: Foul Ball, location: 2F
2-2: Strikes out looking
Top of the 9th over - 2 runs, 1 hit, 1 error, 2 left on base; Kingsville 7 - Barre 1
BOTTOM OF THE 9TH
Barre Grays batting - Pitching for Kingsville Knights : LHP Ashton Fieldhouse
Batting: RHB Jonah Colletti 0-0: Called Strike
0-1: Ball
1-1: Swinging Strike
1-2: Fly out, F9 (Flyball, 89D, EV 100.6 MPH)
Batting: LHB Michael Kalu 0-0: Ball
1-0: Foul Ball, location: 2F
1-1: Foul Ball, location: 2F
1-2: Strikes out swinging
Batting: LHB John Weir 0-0: Ball
1-0: Foul Ball, location: 2F
1-1: Swinging Strike
1-2: Ball
2-2: Ball
3-2: Ground out 6-3 (Groundball, 56, EV 102.5 MPH)
Bottom of the 9th over - 0 runs, 0 hits, 0 errors, 0 left on base; Kingsville 7 - Barre 1
Monday, April 29th , 2024 - OOTP Baseball 23.10 Build 110